 Dungeon Crawl Stone Soup version 0.26.1-16-g4e020e15dc (webtiles) character file.

Game seed: 18344407162953639748

832 Froggeryz the Ruffian (level 7, -8/54 HPs)
             Began as a Demonspawn Wanderer on Feb 20, 2023.
             Killed by divine providence
             ... invoked by an orc priest
              (14 damage)
             ... on level 5 of the Dungeon.
             The game lasted 00:08:10 (5377 turns).

Froggeryz the Ruffian (Demonspawn Wanderer)         Turns: 5377, Time: 00:08:11

Health: -8/54      AC:  6    Str: 14    XL:     7   Next: 65%
Magic:  8/8        EV: 12    Int: 16    God:
Gold:   117        SH:  0    Dex: 10    Spells: 7/8 levels left

rFire    . . .     SeeInvis .     - Unarmed
rCold    . . .     Faith    .   (no shield)
rNeg     . . .     Spirit   .   y - +0 troll leather armour {Purgy}
rPois    .         Reflect  .   f - +0 helmet
rElec    .         Harm     .   r - +0 cloak
rCorr    .         Rampage  .   (no gloves)
Will     +....                  (boots unavailable)
Stlth    ++........             (no amulet)
HPRegen  0.58/turn              n - ring of willpower
MPRegen  0.11/turn              t - ring of stealth

@: no status effects
A: talons 3, powered by pain 1
a: no special abilities


You were on level 5 of the Dungeon.
You visited 1 branch of the dungeon, and saw 5 of its levels.
You also visited: Sewer.

You collected 187 gold pieces.
You spent 70 gold pieces at shops.

Inventory:

Armour
 f - a +0 helmet (worn)
 r - a +0 cloak (worn)
 y - a +0 troll leather armour (worn) {Purgy}
Jewellery
 n - a ring of willpower (left hand)
 t - a ring of stealth (right hand)
 w - an uncursed ring of ice
Wands
 e - a wand of enslavement (15)
Scrolls
 g - 2 scrolls of teleportation {unknown}
 h - 8 scrolls of identify {unknown}
 l - 2 scrolls of remove curse {unknown}
 q - a scroll of enchant armour {unknown}
 s - a scroll of immolation {unknown}
 u - a scroll of amnesia {unknown}
 v - a scroll of magic mapping {unknown}
 x - a scroll of fear {unknown}
Potions
 a - 2 potions of might
 b - a potion of magic {unknown}
 c - a potion of curing
 d - 4 potions of flight {unknown}
 i - 4 potions of attraction {unknown}
 j - a potion of ambrosia {unknown}
 k - 2 potions of mutation {unknown}
 m - 2 potions of degeneration {unknown}
 o - a potion of heal wounds
 p - 2 potions of invisibility {unknown}


   Skills:
 + Level 4.2 Fighting
 + Level 2.9 Dodging
 * Level 5.8 Unarmed Combat
 - Level 1.0 Spellcasting
 - Level 2.6 Translocations
 - Level 1.0 Earth Magic
 - Level 3.0 Poison Magic
 - Level 2.0 Evocations


You had 7 spell levels left.
You knew the following spells:

 Your Spells              Type           Power        Failure   Level
a - Sting                 Tmut/Pois      20%          16%         1

Your spell library contained the following spells:

 Spells                   Type           Power        Failure   Level
 Mephitic Cloud           Conj/Pois/Air  4%           50%         3


Dungeon Overview and Level Annotations

Branches:
Dungeon (5/15)              Sewer (visited)
 Temple: D:4-7

Altars:
Ru
Vehumet

Shops:
D:4 !}:


Innate Abilities, Weirdness & Mutations

You have claws for feet.
You sometimes gain a little power by taking damage.


Message History

The orc priest is severely wounded.
The orc priest mumbles some strange prayers to Beogh against you.
Beogh smites you!
You focus on the pain.
You feel your power returning.
You barely miss the orc priest. Your kick misses the orc priest.
The orc priest is severely wounded.
The orc priest invokes the aid of Beogh against you.
Beogh smites you!
* * * LOW HITPOINT WARNING * * *
You barely miss the orc priest.
The orc priest is severely wounded.
The orc priest barely misses you.
The orc wizard hits you but does no damage.
The orc wizard hits you with a +0 dagger.
* * * LOW HITPOINT WARNING * * *
The orc wizard points at you and mumbles some strange words.
The magic dart hits you!
* * * LOW HITPOINT WARNING * * *
The orc priest calls down the wrath of Beogh upon you.
Beogh smites you!
You die...

... ...?. .# ... ....
.# ### .....#### .# #
o.......# .# #
###+##. #.# .# #
.......###o##.# #
..o.......o.oo..# #
#...#..#####.#..#
###..o#..#####.#@.##
..#...#..#.........#
#.####.....##....#.##
..##.........'##'...#
####.#.......#≈≈#...#
####.####...##÷÷##..#
............#≈≈≈≈#^##
#.....#####.#≈≈≈≈#.#
#...).# #.##≈≈##


You could see an orc priest and an orc wizard (fast).

Vanquished Creatures
  Sigmund (D:3)
  Purgy (Sewer)
  A bullfrog zombie (D:5)
  A centaur skeleton (D:4)
  Crazy Yiuf (D:3)
  A hound (D:4)
  2 orc priests (D:4)
  2 orc wizards
  An iguana (D:2)
  4 worker ants (D:4)
  3 gnolls (D:2)
  7 adders
  An ufetubus (D:5)
  An ooze (D:1)
  3 worms
  3 dart slugs
  5 leopard geckos
  7 orcs
  8 giant cockroaches
  10 goblins
  13 hobgoblins
  2 jackals (Sewer)
  11 kobolds
  5 bats
  4 frilled lizards
  A jackal skeleton (D:4)
  4 rats
103 creatures vanquished.

Notes
Turn   | Place    | Note
-------+----------+-------------------------------------------
     0 | D:1      | Froggeryz the Demonspawn Wanderer began the quest for the
                  | Orb.
     0 | D:1      | Froggeryz set off with the following items: a +0 club, a
                  | potion of curing, a +0 robe, a wand of enslavement (15);
                  | and the following spell memorised: Sting; and the following
                  | spells available to memorise: Mephitic Cloud
     0 | D:1      | Reached XP level 1. HP: 13/13 MP: 2/2
   220 | D:1      | Reached skill level 1 in Unarmed Combat
   235 | D:1      | Gained mutation: You have sharp toenails. [demonic
                  | ancestry]
   235 | D:1      | Reached XP level 2. HP: 14/20 MP: 0/3
   763 | D:1      | Reached skill level 1 in Fighting
  1266 | D:1      | Reached skill level 2 in Unarmed Combat
  1266 | D:1      | Gained mutation: You have razor-sharp toenails. [demonic
                  | ancestry]
  1266 | D:1      | Reached XP level 3. HP: 20/26 MP: 4/4
  2020 | D:2      | Gained mutation: You have claws for feet. [demonic
                  | ancestry]
  2020 | D:2      | Reached XP level 4. HP: 6/33 MP: 3/5
  2257 | D:2      | Reached skill level 3 in Unarmed Combat
  2451 | D:2      | Found a radiant altar of Vehumet.
  2608 | D:2      | Reached XP level 5. HP: 39/39 MP: 6/6
  3122 | D:3      | Noticed Sigmund
  3144 | D:3      | Killed Sigmund
  3145 | D:3      | Reached skill level 1 in Dodging
  3145 | D:3      | Reached skill level 4 in Unarmed Combat
  3145 | D:3      | Reached XP level 6. HP: 30/47 MP: 1/7
  3677 | D:3      | Found a sacrificial altar of Ru.
  3716 | D:3      | Found a runed translucent door.
  3717 | D:3      | Noticed Crazy Yiuf
  3980 | D:3      | Killed Crazy Yiuf
  4064 | D:4      | Found Lax Dah's Gadget Shop.
  4117 | D:4      | Found Susaqesmemn's Distillery.
  4162 | D:4      | Bought a potion of heal wounds for 70 gold pieces
  4224 | D:4      | Reached skill level 5 in Unarmed Combat
  4224 | D:4      | Gained mutation: You sometimes gain a little power by
                  | taking damage. [demonic ancestry]
  4224 | D:4      | Reached XP level 7. HP: 33/53 MP: 8/8
  4486 | D:4      | Found Necy's Book Shop.
  4971 | D:5      | Entered Level 5 of the Dungeon
  5127 | D:5      | Found a glowing drain.
  5131 | Sewer    | Entered a sewer
  5201 | Sewer    | Noticed Purgy
  5219 | Sewer    | Killed Purgy
  5377 | D:5      | Killed from afar by an orc priest

Illustrated notes

Levels and vault maps discovered:
D:1:      wheals_arrival_linesprint, layout_rooms, serial_aquarium,
          aquarium_bridge_square [aquarium_subvault_wall,
          aquarium_subvault_balcony, aquarium_subvault_bridge,
          aquarium_subvault_window], aquarium_bridge_square
          [aquarium_subvault_window, aquarium_subvault_bridge,
          aquarium_subvault_bridge, aquarium_subvault_balcony],
          aquarium_window_corridor_1, aquarium_window_fake, aquarium_window_1,
          aquarium_view_2c, aquarium_view_2d, minmay_misc_feat_diagonals
D:2:      layout_loops_corners, vehumet_crystals, kennysheep_minor_cross
D:3:      layout_rooms, nicolae_ru_path_of_blood, uniq_sigmund,
          uniq_crazy_yiuf_cottage
D:4:      layout_basic, serial_shops, nicolae_shop_stone,
          nicolae_shop_waterfront, shop_statue
D:5:      layout_basic, minmay_temple_entry_statues_fountains,
          gup_sewer_entry_bowl

Skill      XL: |  1  2  3  4  5  6  7 |
---------------+----------------------+-----
Unarmed Combat | 1 2 3 4 5 |  5.8
Fighting       | 1 2 3 4 |  4.2
Dodging        | 1 2 |  2.9
Spellcasting   | |  1.0
Translocations | |  2.6
Earth Magic    | |  1.0
Poison Magic   | |  3.0
Evocations     | |  2.0

Action                   |  1- 3 |  4- 6 |  7- 9 || total
-------------------------+-------+-------+-------++-------
Melee: Unarmed           |   135 |   193 |    98 ||   426
       Club              |     3 |       |       ||     3
       Kick              |    17 |    35 |    15 ||    67
       Punch             |       |     3 |     1 ||     4
 Cast: Sting             |     6 |    20 |    10 ||    36
  Use: Potion            |     1 |     1 |     1 ||     3
Armor: Robe              |    27 |       |       ||    27
       Troll leather arm |    17 |    65 |    38 ||   120
Dodge: Dodged            |    70 |    92 |    87 ||   249
